 Dungeon Crawl Stone Soup version 0.26-a0-651-gb41185065b (webtiles) character file.

Game seed: 10664930742191069467

(classic levelgen) 95084 EnegeticOcto the Peltast (level 15, -5/138 HPs)
             Began as a Deep Dwarf Fighter on Oct 9, 2020.
             Was the Champion of Makhleb.
             Killed from afar by Aizul (7 damage)
             ... with a bolt of poison
             ... on level 1 of the Shoals.
             The game lasted 00:13:52 (15985 turns).

EnegeticOcto the Peltast (Deep Dwarf Fighter)      Turns: 15985, Time: 00:13:53

Health: -5/138     AC: 22    Str: 25    XL:     15   Next: 28%
Magic:  0/0        EV:  6    Int: 10    God:    Makhleb [******]
Gold:   272        SH: 26    Dex: 18    Spells: 14/14 levels left

rFire    + + .     SeeInvis .   a - +4 broad axe (drain)
rCold    . . .     Faith    +   h - +5 tower shield
rNeg     + . .     Spirit   .   K - +2 chain mail {rF+}
rPois    .         Reflect  .   E - +1 hat
rElec    .         Harm     .   G - scarf {repulsion}
rCorr    .         Rampage  .   F - +2 pair of gloves
MR       ++...                  H - +2 pair of boots
Stlth    ..........             c - amulet of faith
HPRegen  0.00/turn              O - ring of protection from fire
MPRegen  0.07/turn              R - +6 ring of dexterity

@: lethally poisoned (-5 -> -24), non-regenerating, repel missiles
A: damage resistance, heal wounds, negative energy resistance 1, sense
surroundings 2, no regeneration
}: 1/15 runes: gossamer
a: Heal Wounds, Minor Destruction, Lesser Servant of Makhleb, Major Destruction,
Greater Servant of Makhleb, Renounce Religion


You were on level 1 of the Shoals.
You worshipped Makhleb.
Makhleb was exalted by your worship.
You visited 5 branches of the dungeon, and saw 24 of its levels.
You visited 1 bazaar.

You collected 1589 gold pieces.
You spent 1317 gold pieces at shops.

Inventory:

Hand Weapons
 a - a +4 broad axe of draining (weapon)
 A - a +2 hand axe of distortion
Missiles
 B - 7 throwing nets (quivered)
Armour
 h - a +5 tower shield (worn)
 E - a +1 hat (worn)
 F - a +2 pair of gloves (worn)
 G - a scarf of repulsion (worn)
 H - a +2 pair of boots (worn)
 K - a +2 chain mail of fire resistance (worn)
 L - a scarf of shadows
Jewellery
 c - an amulet of faith (around neck)
 O - a ring of protection from fire (left hand)
 Q - an uncursed ring of resist corrosion
 R - a +6 ring of dexterity (right hand)
Wands
 e - a wand of polymorph (5)
 l - a wand of digging (8) {@v3}
 q - a wand of enslavement (13)
 w - a wand of paralysis (7)
 I - a wand of acid (11) {@v1}
Scrolls
 b - 3 scrolls of blinking
 f - 3 scrolls of immolation {@r4}
 g - 7 scrolls of remove curse {@r2}
 p - a scroll of holy word
 s - 3 scrolls of magic mapping {@r5}
 u - a scroll of fog
 y - 10 scrolls of identify {@r1}
 z - 9 scrolls of teleportation {@r3}
 J - a scroll of vulnerability
 N - a scroll of fear
 T - a scroll of summoning
Potions
 d - a potion of might {@q3}
 i - 2 potions of cancellation
 j - a potion of berserk rage
 k - 3 potions of stabbing {@q5}
 n - 3 potions of mutation
 o - 2 potions of invisibility
 r - 4 potions of flight
 v - 5 potions of lignification {@q7}
 x - a potion of haste {@q4}
 C - 8 potions of curing {@q1}
 M - a potion of resistance {@q6}
 P - 2 potions of ambrosia
 S - a potion of magic {unknown}
Miscellaneous
 t - a phantom mirror
 D - a condenser vane (2/2)


   Skills:
 + Level 9.8 Fighting
 * Level 15.2 Axes
 + Level 11.5 Armour
 * Level 15.3 Shields
 + Level 12.7 Invocations
 - Level 10.0 Evocations


You had 14 spell levels left.
You didn't know any spells.
Your spell library was empty.

Dungeon Overview and Level Annotations

Branches:
Dungeon (15/15)            Temple (0/1) D:6            Lair (3/6) D:11
 Shoals (1/4) Lair:3       Spider (4/4) Lair:3          Orc (1/2) D:11
 Depths (0/5) D:15
 Vaults: D:13-14

Altars:
Ashenzari
Elyvilon
Fedhas
Gozag
Makhleb
Nemelex Xobeh
Okawaru
Ru
Sif Muna
Wu Jian
Yredelemnul
Zin
The Shining One

Shops:
D:6 }***=   D:7 =   Shoals:1 }=

Annotations:
D:8 3 runed translucent doors, p0werm0de's ghost, novice GrFi
D:14 1 runed translucent door, EnegeticOcto's ghost, journeyman DDFi
Shoals:1 Aizul


Innate Abilities, Weirdness & Mutations

You are resistant to damage.
You can heal yourself by infusing magical energy.
You resist negative energy. (rN+)
You passively map the area around you.
You do not regenerate.


Message History

Your ufetubus completely misses Aizul.
Your ufetubus hits Aizul but does no damage.
Your ynoxinul hits Aizul but does no damage.
Your ufetubus completely misses Aizul.
Your ufetubus closely misses Aizul.
Aizul coils herself and waves her upper body at you.
The bolt of poison hits you!!!
You are more poisoned.
* * * LOW HITPOINT WARNING * * *
The bolt of poison hits your ufetubus!
Your ufetubus dies!
You block the merfolk's attack.
Your ufetubus hits Aizul.
Your ufetubus completely misses Aizul.
Your ufetubus barely misses Aizul. x2
You feel much better.
You feel very sick.
Your ufetubus misses Aizul.
Your ufetubus closely misses Aizul.
Your ufetubus completely misses Aizul. x2; Your ynoxinul misses Aizul.
Aizul coils herself and waves her upper body at you.
The bolt of poison hits you!
You are lethally poisoned!
* * * LOW HITPOINT WARNING * * *
Your ufetubus misses Aizul.
Your ufetubus closely misses Aizul.
You block the merfolk's attack.
You feel much better.
You feel very sick.
Your ufetubus barely misses Aizul.
Your ufetubus closely misses Aizul.
You block Aizul's attack.
Your ufetubus misses Aizul.
Your ufetubus hits Aizul but does no damage.
Your ufetubus completely misses Aizul.
Your ufetubus barely misses Aizul.
Your ynoxinul hits Aizul but does no damage.
Your ufetubus barely misses Aizul.
Your ufetubus closely misses Aizul.
Your ufetubus hits Aizul. Your ufetubus misses Aizul.
Aizul says, "Feeling sleepy?"
Aizul hits you!
* * * LOW HITPOINT WARNING * * *
Your ufetubus closely misses Aizul.
Your ufetubus barely misses Aizul.
You feel better.
Your ufetubus misses Aizul.
Your ufetubus closely misses Aizul.
You block the merfolk's attack.
Your ynoxinul gestures at Aizul.
The iron shot hits Aizul!!
Aizul hits your ynoxinul!!
Your ynoxinul dies!
Your ufetubus disappears in a puff of smoke! x4
Your magical essence is drained by the effort!
You feel much better. Aizul hits you! You block the merfolk's attack.
You block Aizul's attack.
You don't have enough innate magic capacity.
A demon appears!
You block the merfolk's attack.
Aizul coils herself and waves her upper body at you.
The bolt of poison hits you!!
You are poisoned.
* * * LOW HITPOINT WARNING * * *
The bolt of poison hits your orange demon!!!
You don't have enough innate magic capacity.
You block Aizul's attack. The merfolk completely misses you.
Aizul hits you but does no damage.
Your orange demon closely misses Aizul.
You block Aizul's attack. You block the merfolk's attack.
Your orange demon misses Aizul.
Aizul hits you but does no damage.
The merfolk hits you but does no damage.
Aizul coils herself and waves her upper body at you.
You block the poison arrow.
Your orange demon stings Aizul from afar.
Aizul hits you!
* * * LOW HITPOINT WARNING * * *
You block the merfolk's attack.
Your orange demon completely misses Aizul.
Aizul hits you but does no damage. You block the merfolk's attack.
Aizul coils herself and waves her upper body at you.
The bolt of poison hits you.
You are more poisoned.
* * * LOW HITPOINT WARNING * * *
The bolt of poison hits your orange demon!!
Your orange demon is poisoned.
Your orange demon dies!
You feel sick.
Aizul coils herself and waves her upper body at you.
The poison arrow hits you but does no damage.
You are lethally poisoned!
You block the merfolk's attack.
* * * LOW HITPOINT WARNING * * *
You feel very sick. Aizul hits you but does no damage.
You block Aizul's attack.
The merfolk hits you from afar with a cursed +0 trident.
* * * LOW HITPOINT WARNING * * *
You feel very sick.
Aizul seems less drained.
You block Aizul's attack.
* * * LOW HITPOINT WARNING * * *
You feel sick. Aizul hits you. The merfolk barely misses you.
Aizul hits you but does no damage.
* * * LOW HITPOINT WARNING * * *
You feel very sick. The merfolk barely misses you. You block Aizul's attack.
* * * LOW HITPOINT WARNING * * *
You feel sick. Aizul closely misses you. You block the merfolk's attack.
You block Aizul's attack.
* * * LOW HITPOINT WARNING * * *
You feel sick.
Aizul coils herself and waves her upper body at you.
The bolt of poison hits you!
You are more poisoned.
You die...

≈≈≈ ≈≈ ≈≈ , ≈ ,, ≈≈ ≈≈ ≈
≈≈≈≈≈≈≈≈≈≈≈≈≈≈≈≈≈≈≈≈≈ ≈ ≈ ≈
≈≈≈≈≈≈≈≈≈≈≈.P....≈≈≈ ≈ ≈ ≈≈
≈≈≈≈≈≈≈≈P≈≈P.......≈≈≈ ≈
≈≈≈≈≈≈≈≈≈≈P≈P...∩...!. ≈
≈≈≈≈≈≈≈≈≈≈..........
≈≈≈≈≈≈≈P≈P..m......( ≈ ≈ ≈
≈≈≈≈≈≈≈P≈≈.......... ,≈
≈≈≈≈≈≈≈P≈≈(.@S...... , ≈≈
≈≈≈≈≈≈≈≈≈≈≈P.######..... ..≈ ≈,
≈≈≈≈≈######.♣#...(#...)## ...≈≈.
≈≈≈≈≈#(...#♣.#....#.....##....≈..
≈≈≈≈≈#....#..#....#≈.............
≈≈≈≈≈#....#..#....##......≈≈≈....
≈≈≈≈≈#....'.)'#######...≈≈≈≈≈.##.
≈≈≈≈≈######..)†.)♣....≈≈≈≈≈≈≈....
≈≈≈≈≈.........††♣.....≈≈≈≈≈≈≈....


You could see Aizul and a merfolk.

Vanquished Creatures
  An orc warlord (Orc:1)
  A ghost moth (Spider:4)
  An emperor scorpion (Spider:4)
  An entropy weaver (Spider:4)
  A spark wasp (Spider:4)
  A yaktaur captain (D:15)
  A fire dragon (D:12)
  A merfolk impaler (Shoals:1)
  A rakshasa (D:14)
  4 hydras
  2 death knights
  A merfolk aquamancer (Shoals:1)
  2 centaur warriors
  An alligator snapping turtle (Shoals:1)
  3 two-headed ogres
  Nergalle (Lair:2)
  A skeletal warrior (D:13)
  2 sea snakes (Shoals:1)
  Pikel (D:5)
  A necromancer (Lair:3)
  3 phantasmal warriors
  7 orb spiders
  A wolf spider zombie (D:14)
  6 wolf spiders
  A deep elf mage (D:14)
  4 manticores
  4 ugly things
  2 orc sorcerers (Orc:1)
  2 oklob plants (D:11)
  4 centaur zombies
  3 cyclopes
  A merfolk siren (Lair:3)
  2 cane toads
  3 gargoyles (D:13)
  2 freezing wraiths (D:14)
  A rime drake (Lair:3)
  6 komodo dragons
  A yaktaur (D:15)
  4 demonic crawlers
  3 trolls
  A polar bear (Lair:2)
  A harpy zombie (D:15)
  6 hornets (Spider:4)
  15 jumping spiders
  2 wind drakes (Shoals:1)
  3 merfolk (Lair:3)
  Grinder (D:5)
  2 snapping turtles (Shoals:1)
  8 blink frogs (Lair:3)
  3 slime creatures (D:13)
  7 hippogriffs
  13 tarantellas
  32 redbacks
  3 wraiths
  Sigmund (D:7)
  3 basilisks
  2 wyverns
  18 yaks
  Eustachio (D:5)
  A wyvern (shapeshifter) (D:13)
  Edmund (D:7)
  3 vampire mosquitoes (D:15)
  4 water moccasins
  2 wargs
  2 acid dragons
  A hornet zombie (D:9)
  5 porcupines
  2 ice beasts
  3 black bears
  10 orc warriors
  8 sky beasts
  A tengu (shapeshifter) (D:14)
  2 eyes of draining
  A necrophage (D:7)
  9 ogres
  3 centaurs
  A crocodile (Lair:1)
  2 lemures (D:5)
  4 big kobolds
  8 bullfrogs
  3 scorpions
  A water moccasin skeleton (D:6)
  5 killer bees (D:8)
  8 wights
  9 howler monkeys
  12 orc priests
  2 jellies
  6 hounds
  17 orc wizards
  3 centaur skeletons
  Jessica (D:3)
  Natasha (thrice) (D:4)
  11 iguanas
  14 worker ants
  3 polar bear simulacra (Lair:3)
  A wolf simulacrum (Lair:3)
  2 hound zombies
  A hound skeleton (D:4)
  2 worker ant zombies (D:11)
  A river rat (D:3)
  10 adders
  3 gnolls (D:7)
  2 shadow imps
  A white imp (D:6)
  An ufetubus (D:9)
  An ooze (D:4)
  3 adder zombies
  2 worms (D:3)
  5 leopard geckos
  78 orcs
  4 ball pythons
  11 bats
  7 giant cockroaches
  7 goblins
  11 hobgoblins
  5 jackals
  25 kobolds
  4 quokkas
  2 frilled lizards
  A quokka zombie (D:8)
  11 rats
  4 river rat simulacra (Lair:3)
586 creatures vanquished.

Vanquished Creatures (collateral kills)
  3 ghost moths (Spider:4)
  3 emperor scorpions (Spider:4)
  A merfolk impaler (Shoals:1)
  A merfolk aquamancer (Shoals:1)
  2 sea snakes (Shoals:1)
  3 orb spiders
  A faun (Shoals:1)
  2 wolf spiders
  5 demonic crawlers
  3 jumping spiders
  A hornet (Spider:4)
  2 snapping turtles (Shoals:1)
  2 slime creatures (D:13)
  5 tarantellas
  13 redbacks
  A yak (Lair:3)
  A water moccasin (Lair:3)
  An iguana (Lair:3)
  A polar bear simulacrum (Lair:3)
  2 yak simulacra (Lair:3)
53 creatures vanquished.

Vanquished Creatures (others)
  An ugly thing (D:13)
  A jumping spider (Spider:4)
  A wraith (D:13)
  A fungus (Lair:2)
  37 plants
41 creatures vanquished.

Grand Total: 680 creatures vanquished

Notes
Turn   | Place    | Note
-------+----------+-------------------------------------------
     0 | D:1      | EnegeticOcto the Deep Dwarf Fighter began the quest for the
                  | Orb.
     0 | D:1      | Reached XP level 1. HP: 20/20 MP: 1/1
    82 | D:1      | Reached XP level 2. HP: 21/27 MP: 2/2
   277 | D:2      | Found a faded altar of an unknown god.
   281 | D:2      | Became a worshipper of Makhleb the Destroyer
   281 | D:2      | Reached * piety under Makhleb
   533 | D:2      | Reached XP level 3. HP: 27/33 MP: 3/3
   607 | D:2      | Found a glowing golden altar of the Shining One.
   609 | D:2      | Noticed an angel
   614 | D:2      | Found a basalt altar of Yredelemnul.
   616 | D:2      | Noticed a profane servitor
   687 | D:3      | Reached skill level 1 in Invocations
   687 | D:3      | Reached XP level 4. HP: 30/42 MP: 4/4
   844 | D:3      | Reached ** piety under Makhleb
  1291 | D:3      | Reached XP level 5. HP: 36/49 MP: 6/6
  1335 | D:3      | Found a glowing drain.
  1377 | D:3      | Found a glowing silver altar of Zin.
  1456 | D:3      | Noticed Jessica
  1487 | D:3      | Killed Jessica
  1520 | D:3      | Reached *** piety under Makhleb
  1824 | D:4      | Noticed Natasha
  1838 | D:4      | Killed Natasha
  1965 | D:4      | Reached XP level 6. HP: 56/56 MP: 7/7
  1971 | D:4      | Noticed Natasha
  1980 | D:4      | Reached skill level 5 in Shields
  2026 | D:4      | Killed Natasha
  2080 | D:4      | Found a white marble altar of Elyvilon.
  2131 | D:4      | Noticed Natasha
  2141 | D:4      | Killed Natasha
  2141 | D:4      | Reached skill level 5 in Axes
  2185 | D:4      | Reached XP level 7. HP: 55/63 MP: 9/9
  2700 | D:5      | Entered Level 5 of the Dungeon
  2841 | D:5      | Found a sparkling altar of Nemelex Xobeh.
  2912 | D:5      | Noticed Eustachio
  2912 | D:5      | Noticed Pikel
  2952 | D:5      | Killed Pikel
  2952 | D:5      | Reached skill level 5 in Armour
  2952 | D:5      | Reached XP level 8. HP: 72/72 MP: 8/10
  2959 | D:5      | Killed Eustachio
  3035 | D:5      | Reached **** piety under Makhleb
  3085 | D:5      | Reached skill level 5 in Invocations
  3334 | D:5      | Noticed Grinder
  3371 | D:5      | Killed Grinder
  3371 | D:5      | Gained mutation: You passively map the area around you.
                  | [Deep Dwarf growth]
  3371 | D:5      | Reached XP level 9. HP: 66/80 MP: 10/10
  3821 | D:6      | Reached skill level 5 in Fighting
  3863 | D:6      | Found a sacrificial altar of Ru.
  3979 | D:6      | Found Duuh's Gadget Shoppe.
  3988 | D:6      | Bought a condenser vane (2/2) for 240 gold pieces
  4057 | D:6      | Found a staircase to the Ecumenical Temple.
  4076 | D:6      | Found Yriloump's Assorted Antiques.
  4126 | D:6      | Found Lownepnu's General Store.
  4156 | D:6      | Found an opulent altar of Gozag.
  4201 | D:6      | Found Ucexeege's General Store.
  4210 | D:6      | Bought a cursed -1 broad axe for 1 gold piece
  4233 | D:6      | Reached ***** piety under Makhleb
  4240 | D:6      | Found Plog's Jewellery Shop.
  4696 | D:7      | Reached skill level 1 in Evocations
  4964 | D:7      | Noticed Edmund
  4967 | D:7      | Noticed Sigmund
  4980 | D:7      | Killed Edmund
  5004 | D:7      | Killed Sigmund
  5176 | D:7      | Found Cyonea's Jewellery Emporium.
  5405 | D:8      | Found an ornate altar of the Wu Jian Council.
  5538 | D:8      | Reached XP level 10. HP: 87/87 MP: 13/13
  5748 | D:8      | Found a runed translucent gate.
  5748 | D:8      | Found a runed translucent gate.
  5748 | D:8      | Found a runed translucent gate.
  5748 | D:8      | Noticed p0werm0de's ghost (novice GrFi)
  5780 | D:8      | Found a shimmering blue altar of Sif Muna.
  5780 | D:8      | Found an iron altar of Okawaru.
  5781 | D:8      | Found a blossoming altar of Fedhas.
  6545 | D:9      | Found a broken altar of Ashenzari.
  7156 | D:9      | Found a burning altar of Makhleb.
  7156 | D:9      | Noticed a blizzard demon
  7209 | D:10     | Entered Level 10 of the Dungeon
  7297 | D:10     | Reached skill level 10 in Shields
  7648 | D:10     | Reached skill level 10 in Axes
  7875 | D:10     | Reached ****** piety under Makhleb
  7875 | D:10     | Reached XP level 11. HP: 90/98 MP: 12/14
  8009 | D:11     | Reached skill level 5 in Evocations
  8067 | D:11     | Found a staircase to the Lair.
  8067 | D:11     | Noticed an oklob plant
  8068 | D:11     | Noticed an oklob plant
  8076 | D:11     | Killed an oklob plant
  8076 | D:11     | Killed an oklob plant
  8096 | D:11     | Noticed a five-headed hydra
  8113 | D:11     | Killed a six-headed hydra
  8613 | D:11     | Found a staircase to the Orcish Mines.
  8848 | D:12     | Noticed a two-headed ogre
  8858 | D:12     | Killed a two-headed ogre
  8931 | D:12     | Noticed a fire dragon
  8950 | D:12     | Killed a fire dragon
  9168 | D:12     | Noticed a white ugly thing
  9187 | D:12     | Killed a white ugly thing
 10091 | Lair:1   | Entered Level 1 of the Lair of Beasts
 10149 | Lair:1   | Noticed a six-headed hydra
 10162 | Lair:1   | Killed a 13-headed hydra
 10162 | Lair:1   | Reached XP level 12. HP: 72/109 MP: 11/11
 10707 | Lair:2   | Noticed Nergalle
 10715 | Lair:2   | Killed Nergalle
 11184 | Lair:3   | Found a hole to the Spider Nest.
 11440 | Lair:3   | Reached skill level 10 in Invocations
 11477 | Lair:3   | Noticed a seven-headed hydra
 11490 | Lair:3   | Killed a 12-headed hydra
 11685 | Lair:3   | Found a staircase to the Shoals.
 11935 | Orc:1    | Entered Level 1 of the Orcish Mines
 11936 | Orc:1    | Noticed an orc warlord
 11941 | Orc:1    | Paralysed by an orc sorcerer for 7 turns
 11976 | Orc:1    | Killed an orc warlord
 11976 | Orc:1    | Reached XP level 13. HP: 97/117 MP: 11/11
 12716 | D:13     | Found a flickering gateway to a bazaar.
 12725 | Bazaar   | Entered a bazaar
 12725 | Bazaar   | Found Fueri's Weapon Emporium.
 12725 | Bazaar   | Found Sygiopn's Antique Armour Shoppe.
 12725 | Bazaar   | Found Heele's Armour Emporium.
 12725 | Bazaar   | Found Cimiomp's Armour Shoppe.
 12753 | Bazaar   | Bought a glowing scarf for 288 gold pieces
 12758 | Bazaar   | Bought a runed scarf for 288 gold pieces
 12968 | D:14     | Reached skill level 10 in Armour
 13066 | D:14     | Found a runed translucent door.
 13124 | D:14     | Noticed EnegeticOcto's ghost (journeyman DDFi)
 13260 | D:15     | Entered Level 15 of the Dungeon
 13271 | D:15     | Found a blossoming altar of Fedhas.
 13763 | D:15     | Got a coiled copper ring
 13788 | D:15     | Found a staircase to the Depths.
 13815 | D:15     | Identified the cursed ring of Osidempy {rPois AC-4} (You
                  | found it on level 15 of the Dungeon)
 14234 | Spider:1 | Entered Level 1 of the Spider Nest
 14255 | Spider:1 | Gained mutation: You resist negative energy. (rN+) [Deep
                  | Dwarf growth]
 14255 | Spider:1 | Reached XP level 14. HP: 101/127 MP: 7/7
 14469 | Spider:1 | Reached skill level 10 in Evocations
 14852 | Spider:4 | Entered Level 4 of the Spider Nest
 15042 | Spider:4 | Noticed an entropy weaver
 15066 | Spider:4 | Killed an entropy weaver
 15325 | Spider:4 | Killed a ghost moth
 15416 | Spider:4 | Killed a ghost moth
 15439 | Spider:4 | Noticed an emperor scorpion
 15439 | Spider:4 | Noticed an emperor scorpion
 15439 | Spider:4 | Noticed an emperor scorpion
 15442 | Spider:4 | Noticed an emperor scorpion
 15449 | Spider:4 | Killed an emperor scorpion
 15455 | Spider:4 | Killed an emperor scorpion
 15457 | Spider:4 | Noticed a ghost moth
 15457 | Spider:4 | Killed a ghost moth
 15459 | Spider:4 | Killed an emperor scorpion
 15460 | Spider:4 | Reached skill level 15 in Shields
 15460 | Spider:4 | Reached XP level 15. HP: 111/136 MP: 0/6
 15460 | Spider:4 | Killed a ghost moth
 15463 | Spider:4 | Reached skill level 15 in Axes
 15490 | Spider:4 | Paralysed by a hornet for 2 turns
 15513 | Spider:4 | Got a gossamer rune of Zot
 15745 | Shoals:1 | Entered Level 1 of the Shoals
 15815 | Shoals:1 | Found Kesif's Jewellery Boutique.
 15896 | Shoals:1 | Bought an uncursed ring of protection from fire for 500
                  | gold pieces
 15947 | Shoals:1 | Found Duresk's Gadget Shop.
 15949 | Shoals:1 | Noticed Aizul
 15983 | Shoals:1 | HP: 6/138 [poisoned by Aizul (poison arrow)]
 15985 | Shoals:1 | HP: 2/138 [poisoned by Aizul (poison arrow)]
 15985 | Shoals:1 | Killed from afar by Aizul

Illustrated notes

Levels and vault maps discovered:
D:1:      wander_arrival_chamber, layout_rooms
D:2:      layout_rooms, grunt_temple_overflow_holy_war,
          chequers_ecumenical_altar_twisty
D:3:      layout_basic, marbit_many_paths, lightli_sewer_entry_pipes,
          serial_glass, glass_columns_a, glass_columns_a, minmay_joined_circles,
          uniq_jessica
D:4:      layout_basic, elyvilon_altar_1, uniq_natasha
D:5:      minmay_opposing_rooms, layout_cave_pods,
          nemelex_xobeh_ov_fountains_minmay, lexackson_kobold_supper,
          uniq_grinder, uniq_eustachio, uniq_pikel
D:6:      layout_loops_cross, old_standard_altar, overflow_temple_1_default,
          temple_fountains, serial_shops, nicolae_shop_behind_doors,
          nicolae_shop_crystal, nicolae_shop_statue_plus, shop,
          nicolae_shop_overgrown_old_shop, minmay_splitting_lines,
          kennysheep_big_empty_room, minmay_misc_feat_pillars
D:7:      layout_loops_ring, serial_shops, shop, sigmund_edmund_badplayer
D:8:      layout_basic, lemuel_doored_altar, gammafunk_temple_overflow_claw,
          ebering_ghost_rock_garden, serial_rivers,
          chequers_serial_rivers_large_a, chequers_serial_rivers_micro_c,
          chequers_serial_rivers_small_b, chequers_serial_rivers_small_a,
          chequers_serial_rivers_marsh, chequers_serial_rivers_micro_b
D:9:      layout_loops_corners, nicolae_ashenzari_panopticon,
          makhleb_altar_promises_db
D:10:     layout_basic, serial_curves, eino_curves_03, eino_curves_03,
          hangedman_glass_teeth
D:11:     layout_rooms, dpeg_oklobed_lair, erik_orc_4, eino_tiny_chamber,
          grunt_decor_resistance, st_stairs_6
D:12:     layout_layer_cave
D:13:     layout_roguey, david_vaults_5, serial_shops, bzr_firewalk
D:14:     layout_rooms, hellmonk_ghost_happy_afterlife, amethyst_killhole
D:15:     grunt_enter_depths_snipers, layout_long_grid, fedhas_altar_3
Lair:1:   layout_cave_pods, infiniplex_staircase_pool_2
Lair:2:   layout_regular_city, uniq_nergalle
Lair:3:   beast_lair_carwin_large_1, layout_gridlike, elwin_shoals_entry_stream,
          nicolae_spider_entry_orb_guardian, eino_house_with_fridge
Shoals:1: cheibrodos_shoals_epimethial_gifts, layout_shoals, serial_shops, shop,
          shop, shop_statue, shop, nicolae_shoals_square_sea_wall, uniq_aizul
Spider:1: layout_spider_delve
Spider:2: layout_chambers, drop_trap, spiders_nest_hornet_nest, uniq_kirke
Spider:3: layout_spider_delve, gammafunk_ghost_berserking_beasts, drop_trap,
          uniq_arachne
Spider:4: spider_rune_water
Orc:1:    layout_caves, nicolae_orc_pool_cavern, uniq_jorgrun, uniq_erolcha

Skill      XL: |  1  2  3  4  5  6  7  8  9 10 11 12 13 14 15 |
---------------+----------------------------------------------+-----
Axes           | 3 4 5 6 7 8 10 11 12 13 14 15 | 15.2
Fighting       | 3 4 5 6 7 8 9 |  9.8
Invocations    | 1 2 3 4 5 6 8 9 10 11 12 | 12.7
Shields        | 4 5 6 7 9 10 11 12 13 15 | 15.3
Armour         | 4 5 6 7 8 9 10 11 | 11.5
Evocations     | 2 4 6 8 9 10 | 10.0

Action                   |  1- 3 |  4- 6 |  7- 9 | 10-12 | 13-15 || total
-------------------------+-------+-------+-------+-------+-------++-------
Melee: War axe           |    71 |   257 |   239 |       |       ||   567
       Unarmed           |       |     6 |       |       |       ||     6
       Broad axe         |       |       |   184 |   799 |   792 ||  1775
Invok: Lesser Servant of |       |       |       |     1 |    24 ||    25
       Greater Servant o |       |       |       |       |     2 ||     2
 Abil: Heal Wounds       |     1 |     5 |     4 |    23 |    46 ||    79
Evoke: Condenser vane    |       |       |       |     5 |     4 ||     9
       Wand              |       |       |       |     2 |       ||     2
  Use: Scroll            |       |       |    22 |     8 |    14 ||    44
       Potion            |       |       |       |       |     8 ||     8
 Stab: Distracted        |       |       |       |       |     9 ||     9
       Held in net/web   |       |       |       |       |     1 ||     1
Armor: Scale mail        |    38 |    38 |       |       |       ||    76
       Plate armour      |       |   131 |   211 |   205 |       ||   547
       Chain mail        |       |       |       |   205 |   505 ||   710
Dodge: Dodged            |    27 |    40 |    30 |   115 |   156 ||   368
       Repelled          |       |       |       |       |     7 ||     7
Block: Kite shield       |    11 |       |       |       |       ||    11
       Tower shield      |    33 |   243 |   379 |   949 |  1260 ||  2864

Table legend: (Time is in decaauts)
 A = Elapsed time spent in this place.
 B = Non-inter-level travel time spent in this place.
 C = Inter-level travel time spent in this place.
 D = Time resting spent in this place.
 E = Time spent auto-exploring this place.
 F = Levels seen in this place.
 G = Mean time per level.
                   A        B        C        D        E       F      G
               +--------+--------+--------+--------+--------+-----+--------+
         Total |  16484 |  14832 |   1652 |    135 |  10022 |  25 |  659.4 |
       Dungeon |  12382 |  11334 |   1048 |      0 |   8132 |  15 |  825.5 |
          Lair |   2040 |   1668 |    372 |      0 |   1167 |   3 |  680.0 |
        Shoals |    240 |    240 |      0 |      0 |     48 |   1 |  240.0 |
   Spider Nest |   1448 |   1249 |    199 |    135 |    481 |   4 |  362.0 |
  Orcish Mines |    311 |    279 |     32 |      0 |    184 |   1 |  311.0 |
        Bazaar |     60 |     60 |      0 |      0 |      9 |   1 |   60.0 |
               +--------+--------+--------+--------+--------+-----+--------+

Top non-repeatable levels by time:
    D:12: 1270 daAuts
     D:3: 1183 daAuts
     D:5: 1110 daAuts
     D:4: 1093 daAuts
     D:8: 1059 daAuts
     D:9: 1007 daAuts
  Lair:3: 916 daAuts
     D:6: 866 daAuts
     D:7: 855 daAuts
    D:10: 827 daAuts
    D:15: 770 daAuts
  Lair:2: 735 daAuts
Spider:4: 735 daAuts
    D:11: 663 daAuts
    D:13: 639 daAuts
